 Dungeon Crawl Stone Soup version 0.21-a0-140-g479285b (webtiles) character file.

20867 kuniqs the Arsonist (level 12, -1/91 HPs)
             Began as a Pale Draconian Fire Elementalist on July 19, 2017.
             Was an Elder of Vehumet.
             Slain by a spiny frog (14 damage)
             ... on level 2 of the Lair of Beasts.
             The game lasted 00:26:44 (13584 turns).

kuniqs the Arsonist (DrFE)                         Turns: 13584, Time: 00:26:45

Health: -1/91      AC: 10    Str: 12    XL:     12   Next: 49%
Magic:  24/28      EV: 17    Int: 19    God:    Vehumet [****..]
Gold:   778        SH:  5    Dex: 12    Spells: 7/21 levels left

rFire    . . .     SeeInvis .   x - +2 short sword (protect)
rCold    . . .     Gourm    .   F - +0 buckler
rNeg     . . .     Faith    .   (armour unavailable)
rPois    +         Spirit   .   (helmet restricted)
rElec    .         Reflect  .   (no cloak)
rCorr    .         Harm     .   s - +2 pair of gloves
MR       .....                  E - -2 pair of boots of the Lotus Blossom {rPois} (curse)
Stlth    ++........             (no amulet)
HPRegen  0.25/turn              b - +4 ring of evasion
MPRegen  0.21/turn              u - ring of magical power

@: lethally poisoned (-1 -> -9), about to teleport, short of breath
A: breathe steam, unfitting armour, antennae 1, cold-blooded, MP-powered wands,
AC +8
a: Breathe Steam, Renounce Religion


You were on level 2 of the Lair of Beasts.
You worshipped Vehumet.
Vehumet was greatly pleased with you.
You were hungry.

You visited 3 branches of the dungeon, and saw 14 of its levels.

You collected 778 gold pieces.

Inventory:

Hand Weapons
 x - a +2 short sword of protection (weapon)
Missiles
 B - 253 stones (quivered)
Armour
 s - a +2 pair of gloves (worn)
 y - a +0 shield
 E - the cursed -2 pair of boots of the Lotus Blossom (worn) {rPois}
   (You found it on level 9 of the Dungeon)

   It protects you from poison.
   It has a curse placed upon it.
 F - a +0 buckler (worn)
Jewellery
 b - a +4 ring of evasion (left hand)
 u - a ring of magical power (right hand)
Wands
 c - a wand of acid (2/15)
 f - a wand of iceblast (4/15)
 A - a wand of clouds (5/9)
 N - a wand of digging (12/24)
Scrolls
 i - 4 scrolls of remove curse {@r2}
 j - 8 scrolls of teleportation
 k - a scroll of enchant weapon
 n - 2 scrolls of immolation
 q - a scroll of recharging {unknown}
 r - a scroll of fog {unknown}
 t - a scroll of blinking {unknown}
 C - 3 scrolls of identify {@r1}
 I - a scroll of amnesia {unknown}
 J - a scroll of enchant armour
 K - a scroll of acquirement {unknown}
Potions
 g - 2 potions of curing {unknown}
 h - a potion of might
 l - 2 potions of brilliance {unknown}
 m - 2 potions of haste {unknown}
 o - 5 potions of flight
 p - a potion of berserk rage {unknown}
 v - a potion of magic {unknown}
 D - 3 potions of heal wounds {unknown}
 L - 2 potions of invisibility {unknown}
 O - 2 potions of agility {unknown}
 P - a potion of ambrosia {unknown}
 Q - a potion of mutation
Books
 a - a book of Flames

   Spells                             Type                      Level
   a - Flame Tongue                   Conjuration/Fire             1
   b - Throw Flame                    Conjuration/Fire             2
   c - Conjure Flame                  Conjuration/Fire             3
   d - Inner Flame                    Hexes/Fire                   3
   e - Sticky Flame                   Conjuration/Fire             4
   f - Fireball                       Conjuration/Fire             5
 w - a book of the Tempests

   Spells                             Type                      Level
   a - Static Discharge               Conjuration/Air              3
   b - Lightning Bolt                 Conjuration/Air              5
   c - Ignition                       Fire                         8
   d - Tornado                        Air                          9
   e - Shatter                        Earth                        9
 G - Sif Muna's Almanac of Freezing Summoning
   (You found it on level 7 of the Dungeon)

   Spells                             Type                      Level
   a - Summon Butterflies             Summoning                    1
   b - Summon Small Mammal            Summoning                    1
   c - Throw Frost                    Conjuration/Ice              2
   d - Call Imp                       Summoning                    2
   e - Throw Icicle                   Conjuration/Ice              4
   f - Summon Lightning Spire         Summoning/Air                4
   g - Shadow Creatures               Summoning                    6
Miscellaneous
 H - a lightning rod (4/4)
Comestibles
 d - 6 bread rations
 e - 4 meat rations
 z - 8 royal jellies
 M - 4 chunks of flesh


   Skills:
 + Level 3.9 Fighting
 + Level 4.0 Dodging
 + Level 4.1 Stealth
 - Level 4.3 Shields
 + Level 5.2 Spellcasting
 + Level 11.8 Conjurations
 + Level 13.4 Fire Magic
 + Level 7.4 Earth Magic


You had 7 spell levels left.
You knew the following spells:

 Your Spells              Type           Power        Failure   Level  Hunger
a - Flame Tongue          Conj/Fire      #####        1%          1    None
b - Throw Flame           Conj/Fire      ######       1%          2    #......
c - Conjure Flame         Conj/Fire      ######..     1%          3    ##.....
d - Sticky Flame          Conj/Fire      ######..     1%          4    ####...
e - Sandblast             Erth           ####..       1%          1    None
f - Stone Arrow           Conj/Erth      #####.       1%          3    ##.....


Dungeon Overview and Level Annotations

Branches:
Dungeon (11/15)            Temple (1/1) D:6            Lair (2/6) D:9
  Swamp: Lair:2-4    Shoals: Lair:2-4     Snake: Lair:2-4    Spider: Lair:2-4
    Orc: D:9-12

Altars:
Ashenzari
Cheibriados
Dithmenos
Elyvilon
Fedhas
Gozag
Hepliaklqana
Kikubaaqudgha
Makhleb
Nemelex Xobeh
Okawaru
Qazlal
Ru
Sif Muna
Trog
Uskayaw
Vehumet
Wu Jian
Xom
Yredelemnul
Zin
The Shining One

Shops:
D:4 }   D:7 *


Innate Abilities, Weirdness & Mutations

You can breathe blasts of scalding, opaque steam.
Your pale cyan-grey scales are hard. (AC +8)
You cannot fit into any form of body armour.
You are cold-blooded and may be slowed by cold attacks.
You have a pair of small antennae on your head.
You expend magic power (3 MP) to strengthen your wands.


Message History

The spiny frog is covered in liquid flames!
You feel sick.
The flames covering the spiny frog go out.
The spiny frog stops burning.
The blink frog hits you!
The blink frog blinks!
The spiny frog is engulfed in a cloud of scalding steam.
The spiny frog barely misses you. The spiny frog stings you!!
* * * LOW HITPOINT WARNING * * *
You feel sick.
The blink frog is engulfed in a cloud of scalding steam.
The spiny frog is engulfed in a cloud of scalding steam.
The spiny frog misses you.
You feel sick.
The spiny frog is engulfed in a cloud of scalding steam.
The blink frog is engulfed in a cloud of scalding steam.
The blink frog blinks!
The spiny frog misses you. The spiny frog barely misses you.
Okay, then.
As you read the scroll of teleportation, it crumbles to dust.
You feel strangely unstable.
You feel sick. The spiny frog stings you!
You die...

..[.#.........###....#
.#..../.........#....###
................=..###
#≈≈.≈........#...#.#
##≈≈.≈≈.......##P..##
##≈≈≈.≈≈≈.....P###...#
#≈≈≈≈_≈≈≈....### #..##
##≈≈≈≈≈≈FF...# ##..###
#≈≈≈≈≈≈≈F@..## #....#
###≈≈≈.#.### #P.### ##
#.≈§#### ##..###
...##.#†## #.#...#
.....§†#.# ##....##
.....§§.F### #.....#
......§...P# #.....#
....§..§...# #.....#
...........# ##...##


You could see 2 spiny frogs and a blink frog.

Vanquished Creatures
  A centaur warrior (D:9)
  3 two-headed ogres
  The ghost of Tux the Thaumaturge, a novice DEEE of Vehumet (D:9)
  An unseen horror (D:10)
  Pikel (D:7)
  A deep elf mage (D:7)
  A manticore (D:7)
  Psyche (D:8)
  2 black mambas (Lair:1)
  3 spiny frogs
  2 komodo dragons
  A troll (D:9)
  Prince Ribbit (D:7)
  Grinder (D:4)
  11 blink frogs
  4 hippogriffs
  A human (D:7)
  A wyvern (D:10)
  22 yaks
  4 hogs (D:7)
  A hungry ghost (D:10)
  5 water moccasins
  3 orc warriors
  4 porcupines
  A black bear (D:6)
  6 sky beasts
  2 ice beasts
  A necrophage (D:7)
  4 ogres
  A wolf (Lair:1)
  5 centaurs
  A phantom (D:7)
  7 crocodiles
  2 big kobolds
  A gnoll sergeant (D:7)
  8 bullfrogs
  5 scorpions
  3 killer bees (D:8)
  A wight (D:7)
  A howler monkey (D:4)
  2 electric eels (D:6)
  A crimson imp (D:6)
  A quasit (D:9)
  3 jellies
  6 hounds
  6 orc priests
  2 bullfrog skeletons
  5 iguanas
  Ijyb (D:4)
  10 orc wizards
  8 worker ants
  2 hound zombies
  2 hound skeletons
  A howler monkey zombie (D:6)
  8 gnolls
  11 adders
  3 shadow imps
  2 adder skeletons
  A worm (D:2)
  3 dart slugs (D:1)
  6 leopard geckos
  39 orcs
  5 bats
  11 giant cockroaches
  5 goblins
  5 hobgoblins
  15 jackals
  A quokka (D:10)
  2 ball pythons
  5 frilled lizards
  A jackal zombie (D:6)
  15 kobolds
  A quokka skeleton (D:7)
  10 rats
324 creatures vanquished.

Vanquished Creatures (others)
  3 slaves (D:7)
  An ogre (D:7)
  A bullfrog (D:7)
  An iguana (D:7)
  A leopard gecko (D:7)
  3 orcs (D:7)
10 creatures vanquished.

Grand Total: 334 creatures vanquished

Notes
Turn   | Place    | Note
-------+----------+-------------------------------------------
     0 | D:1      | kuniqs the Draconian Fire Elementalist began the quest for the Orb.
     0 | D:1      | Reached XP level 1. HP: 14/14 MP: 3/3
   171 | D:1      | Reached XP level 2. HP: 20/20 MP: 0/5
   186 | D:1      | Learned a level 2 spell: Throw Flame
   775 | D:1      | Reached XP level 3. HP: 26/26 MP: 3/6
   808 | D:1      | Learned a level 3 spell: Conjure Flame
  1476 | D:2      | Reached skill level 4 in Fire Magic
  1476 | D:2      | Reached XP level 4. HP: 33/33 MP: 2/7
  1885 | D:2      | Found an opulent altar of Gozag.
  2115 | D:3      | You fall through a shaft for 3 floors!
  2116 | D:6      | THANKS
  2199 | D:5      | Entered Level 5 of the Dungeon
  2199 | D:5      | Noticed a bullfrog
  2206 | D:5      | Killed a bullfrog
  2206 | D:5      | Reached XP level 5. HP: 35/38 MP: 2/8
  2764 | D:4      | Reached skill level 5 in Fire Magic
  3505 | D:3      | Reached XP level 6. HP: 45/45 MP: 9/9
  3724 | D:4      | Found a glowing silver altar of Zin.
  3767 | D:4      | STFU
  3907 | D:4      | Found Rasufeap's Gadget Emporium.
  3907 | D:4      | Noticed an ice beast
  3914 | D:4      | Killed an ice beast
  3914 | D:4      | Reached skill level 5 in Conjurations
  4091 | D:4      | Reached skill level 6 in Fire Magic
  4091 | D:4      | Your scales start taking on a pale cyan-grey colour.
  4091 | D:4      | Reached XP level 7. HP: 50/50 MP: 8/10
  4229 | D:4      | Noticed Ijyb
  4240 | D:4      | Killed Ijyb
  4291 | D:4      | Gained mutation: You have sharp fingernails. [potion of mutation]
  4291 | D:4      | Gained mutation: Scrolls take you a little longer to read. [potion of mutation]
  4291 | D:4      | Gained mutation: Your tail ends in a poisonous barb. [potion of mutation]
  4656 | D:5      | Reached skill level 7 in Fire Magic
  4948 | D:5      | You fall through a shaft for 2 floors!
  4948 | D:7      | Noticed Pikel
  4952 | D:7      | Killed Pikel
  4952 | D:7      | Reached skill level 8 in Fire Magic
  4952 | D:7      | Reached XP level 8. HP: 43/57 MP: 11/11
  5087 | D:7      | Reached skill level 9 in Fire Magic
  5218 | D:6      | Found a hide-covered altar of Uskayaw.
  5218 | D:6      | Noticed a hand axe
  5218 | D:6      | Noticed a dagger
  5227 | D:6      | Found a staircase to the Ecumenical Temple.
  5235 | Temple   | Entered the Ecumenical Temple
  5266 | Temple   | Became a worshipper of Vehumet
  5565 | D:6      | Found a stormy altar of Qazlal.
  5797 | D:5      | Reached XP level 9. HP: 62/62 MP: 11/12
  5917 | D:5      | Noticed Grinder
  5929 | D:4      | Learned a level 4 spell: Sticky Flame
  5932 | D:5      | Reached * piety under Vehumet
  5932 | D:5      | Offered knowledge of Sandblast by Vehumet.
  5940 | D:4      | Learned a level 1 spell: Sandblast
  6130 | D:4      | Killed Grinder
  6130 | D:4      | Reached skill level 1 in Earth Magic
  6194 | D:5      | Reached skill level 10 in Fire Magic
  6253 | D:5      | Found a snail-covered altar of Cheibriados.
  6647 | D:6      | Found a glowing golden altar of the Shining One.
  6971 | D:7      | Found a basalt altar of Yredelemnul.
  6973 | D:7      | Found Puhevvas's Sacrilege Store.
  7242 | D:7      | Noticed a two-headed ogre
  7265 | D:7      | Killed a two-headed ogre
  7265 | D:7      | Reached skill level 11 in Fire Magic
  7265 | D:7      | Reached XP level 10. HP: 67/69 MP: 0/13
  7266 | D:7      | Offered knowledge of Throw Frost by Vehumet.
  7281 | D:7      | Reached ** piety under Vehumet
  7587 | D:7      | Noticed a two-headed ogre
  7596 | D:7      | Killed a two-headed ogre
  7596 | D:7      | Reached skill level 10 in Conjurations
  7596 | D:7      | Reached skill level 5 in Earth Magic
  7759 | D:7      | Reached skill level 1 in Shields
  7916 | D:7      | Identified Sif Muna's Almanac of Freezing Summoning
  7936 | D:7      | Got a flickering brass ring
  7944 | D:7      | Identified the ring of Wonder {*Tele Stlth+} (You found it on level 7 of the Dungeon)
  7980 | D:7      | Noticed a manticore
  7991 | D:7      | Killed a manticore
  8029 | D:7      | Noticed Prince Ribbit
  8034 | D:7      | Killed Prince Ribbit
  8060 | D:7      | Found an ornate altar of the Wu Jian Council.
  8122 | D:7      | Noticed a deep elf mage
  8335 | D:7      | Killed a deep elf mage
  8632 | D:8      | Noticed a two-headed ogre
  8671 | D:8      | Killed a two-headed ogre
  8845 | D:8      | Offered knowledge of Static Discharge by Vehumet.
  8857 | D:8      | Reached skill level 12 in Fire Magic
  8923 | D:8      | Reached XP level 11. HP: 74/74 MP: 14/14
  8931 | D:8      | Reached *** piety under Vehumet
  9072 | D:8      | Noticed Psyche
  9077 | D:8      | Killed Psyche
  9179 | D:8      | Found a hazy altar of Hepliaklqana.
  9820 | D:8      | Offered knowledge of Ignite Poison by Vehumet.
 10007 | D:9      | Noticed a centaur warrior
 10126 | D:9      | Killed a centaur warrior
 10588 | D:9      | Found a staircase to the Lair.
 10590 | D:9      | Noticed Tux's ghost (novice DEEE)
 10607 | D:9      | Killed Tux's ghost
 10607 | D:9      | Reached skill level 1 in Fighting
 10786 | D:9      | Identified the cursed -2 pair of boots of the Lotus Blossom {rPois} (You found it on level 9 of the Dungeon)
 10878 | D:9      | Found a white marble altar of Elyvilon.
 10990 | D:10     | Entered Level 10 of the Dungeon
 11144 | D:10     | Reached **** piety under Vehumet
 11157 | D:10     | Found a shattered altar of Ashenzari.
 11176 | D:9      | Found a burning altar of Makhleb.
 11278 | D:10     | Noticed an unseen horror
 11282 | D:10     | Killed an unseen horror
 11282 | D:10     | Reached skill level 13 in Fire Magic
 11473 | D:10     | Offered knowledge of Stone Arrow by Vehumet.
 11481 | D:10     | Learned a level 3 spell: Stone Arrow
 11806 | Lair:1   | Entered Level 1 of the Lair of Beasts
 11848 | Lair:1   | Reached XP level 12. HP: 61/88 MP: 18/18
 12415 | Lair:1   | Lost mutation: You have sharp fingernails. [potion of mutation]
 12415 | Lair:1   | Lost mutation: Your tail ends in a poisonous barb. [potion of mutation]
 12415 | Lair:1   | Lost mutation: Scrolls take you a little longer to read. [potion of mutation]
 12415 | Lair:1   | Gained mutation: You expend magic power (3 MP) to strengthen your wands. [potion of mutation]
 12415 | Lair:1   | Gained mutation: You have a pair of small antennae on your head. [potion of mutation]
 12935 | Lair:1   | Reached skill level 5 in Spellcasting
 13553 | Lair:2   | Found an opulent altar of Gozag.
 13584 | Lair:2   | Slain by a spiny frog

Vault maps used:
D:1:      zaba_arrival_water
D:2:      grunt_gozag_statues
D:4:      old_standard_altar, serial_shops, shop, uniq_ijyb
D:5:      lemuel_coloured_pillars_altar, first_bread, uniq_grinder
D:6:      dancing_weapons_uskayaw, old_standard_altar,
          nicolae_tso_swordbearing_angel, minmay_temple_entry_large_hall,
          serial_bayou_lake_a
D:7:      minmay_the_grid_octo_2x2, kennysheep_little_box, grunt_livestock,
          nicolae_evil_shop, uniq_pikel, uniq_prince_ribbit1
D:8:      argonaut_augean_stables, old_standard_altar, uniq_psyche
D:9:      kennysheep_big_flooded_room, nicolae_overflow_hidden_temple,
          lair_entry_dummy, elyvilon_altar_5
D:10:     ashenzari_altar_1
D:11:     basic_altar
Temple:   cyrus_circular_temple
Lair:1:   beast_lair_carwin_7
Lair:2:   lemuel_altar_in_water2

Skill      XL: |  1  2  3  4  5  6  7  8  9 10 11 12 |
---------------+-------------------------------------+-----
Conjurations   | 2 3 4 5 7 8 9 10 11 | 11.8
Fire Magic     | 4 5 6 8 9 11 12 13 | 13.4
Earth Magic    | 4 6 7 |  7.4
Shields        | 4 |  4.3
Spellcasting   | 4 5 |  5.2
Fighting       | 2 3 |  3.9
Stealth        | 3 4 |  4.1
Dodging        | 2 4 |  4.0

Action                   |  1- 3 |  4- 6 |  7- 9 | 10-12 || total
-------------------------+-------+-------+-------+-------++-------
Melee: Unarmed           |    33 |       |       |       ||    33
       Tailslap          |     5 |     1 |    10 |     5 ||    21
       Spear             |       |     3 |       |       ||     3
       Halberd           |       |     5 |       |       ||     5
       Short sword       |       |    14 |    96 |    17 ||   127
Throw: Javelin           |       |       |     9 |       ||     9
 Cast: Flame Tongue      |    51 |    89 |   174 |   473 ||   787
       Throw Flame       |       |    17 |    32 |    64 ||   113
       Conjure Flame     |       |     1 |     7 |    13 ||    21
       Sandblast         |       |       |     6 |     9 ||    15
       Sticky Flame      |       |       |     5 |    43 ||    48
 Abil: Breathe Steam     |       |       |    11 |    21 ||    32
Evoke: Wand              |       |       |     4 |       ||     4
  Use: Scroll            |       |     1 |     6 |     6 ||    13
       Potion            |       |       |     3 |     1 ||     4
 Stab: Distracted        |       |     1 |       |       ||     1
       Sleeping          |       |       |       |     1 ||     1
  Eat: Chunk             |     3 |    10 |    18 |    36 ||    67
Armor: Skin              |     5 |     9 |    67 |    58 ||   139
Dodge: Dodged            |    42 |    44 |   180 |   185 ||   451
Block: Buckler           |       |       |       |    42 ||    42
